 Dungeon Crawl Stone Soup version 0.31-a0-691-g409c26aa35 (webtiles) character file.

Game seed: 1836839800641369365

949 javelincjr the Ruffian (level 7, 0/63 (68) HPs)
             Began as a Troll Shapeshifter on Sept 6, 2023.
             Was a Priest of Jiyva.
             Slain by a wight
             ... wielding a +0 flail
              (2 damage)
             ... on level 5 of the Dungeon.
             The game lasted 00:10:10 (2621 turns).

javelincjr the Ruffian (Troll Shapeshifter)         Turns: 2621, Time: 00:10:11

HP:   0/63 (68)     AC:  3    Str: 25    XL:     7   Next: 90%
MP:   6/6           EV: 10    Int:  6    God:    Jiyva [***...]
Gold: 71            SH:  0    Dex:  9    Spells: 6/6 levels left

rFire   + .          .
                       - Unarmed
rCold   . . .        (no shield)
rNeg    . . .        a - +0 animal skin
rPois   .            (helmet currently unavailable)
rElec   .            (cloak currently unavailable)
rCorr   +            (gloves unavailable)
SInv    .            (boots unavailable)
Will    .....        (no amulet)
Stlth   +            (no ring)
HPRegen 2.22/turn    (no ring)
MPRegen 0.45/turn

%: no passive effects
@: beast-form, drained
A: beast (slay +2), large, unfitting armour, claws 3, regeneration 1, shaggy fur
1, tough skin 1, fire resistance 1, pseudopods 3
a: Begin Untransformation, Renounce Religion, Oozemancy


You were on level 5 of the Dungeon.
You worshipped Jiyva.
Jiyva was most pleased with you.
You were a hulking beast.
You visited 1 branch of the dungeon, and saw 5 of its levels.

You collected 99 gold pieces.
You spent 28 gold pieces at shops.

Inventory:

Hand Weapons
 u - a +1 dagger of freezing
Missiles
 t - 3 poisoned darts
Armour
 a - a +0 animal skin (worn)
 h - a +0 plate armour
 s - a +0 chain mail
Talismans
 c - a beast talisman (active)
 d - a flux talisman
Wands
 o - a wand of flame (28)
 v - a wand of polymorph (8)
 A - a wand of charming (6)
Scrolls
 e - a scroll of poison {unknown}
 f - 3 scrolls of vulnerability {unknown}
 i - 3 scrolls of identify {unknown}
 k - a scroll of amnesia {unknown}
 m - 2 scrolls of blinking {unknown}
 p - 3 scrolls of fog {unknown}
 r - a scroll of brand weapon {unknown}
 x - a scroll of torment {unknown}
 y - a scroll of revelation {unknown}
 B - a scroll of teleportation {unknown}
Potions
 b - 2 potions of lignification
 g - 2 potions of curing
 j - a potion of mutation {unknown}
 l - 2 potions of degeneration {unknown}
 n - a potion of enlightenment {unknown}
 q - a potion of berserk rage {unknown}
 w - a potion of heal wounds {unknown}
 z - a potion of brilliance {unknown}


   Skills:
 + Level 3.7 Fighting
 + Level 4.0 Dodging
 + Level 5.4 Unarmed Combat
 + Level 5.1 Shapeshifting


You had 6 spell levels left.
You didn't know any spells.
Your spell library contained the following spells:

 Spells                   Type           Power      Damage    Failure   Level
 Cigotuvi's Dreadful Rot  Necr/Pois/Air  0%         N/A       58%         2
 Ignite Poison            Fire/Tmut/Pois 0%         N/A       83%         3
 Freezing Cloud           Conj/Ice/Air   0%         6-21      100%        5


Dungeon Overview and Level Annotations

Branches:
Dungeon (5/15)
 Temple: D:4-7

Altars:
Dithmenos
Vehumet
Jiyva

Shops:
D:1 !*=


Innate Abilities, Weirdness & Mutations

You are a hulking beast.
Your limbs bulge with bestial killing power. (Slay +2)
You are too large for most types of armour.
You have claws for hands.
Your natural rate of healing is unusually fast.
You are covered in fur. (AC +1)
You have tough skin. (AC +1)
Your flesh is heat resistant. (rF+)
Armour fits poorly on your massive pseudopods.


Message History

A wight comes into view. It is wielding a +0 flail.
The iguana hisses angrily.
The wight moves out of view.
A wight comes into view. It is wielding a +2 scimitar.
A wight comes into view. It is wielding a +0 flail.
You closely miss the iguana. The iguana barely misses you.
You claw the iguana! Your claw misses the iguana.
Your bludgeon misses the iguana.
The iguana is severely wounded.
The iguana bites you!
You claw the iguana!
You kill the iguana!
You claw the wight!
The wight is heavily damaged.
The wight hits you with a +0 flail! The wight hits you with a +2 scimitar!
You feel drained.
You are too injured to fight recklessly!
You are too injured to fight recklessly!
You are too injured to fight recklessly!
You are too injured to fight recklessly!
You claw the wight!
You destroy the wight!
The wight hits you with a +0 flail!
* * * LOW HITPOINT WARNING * * *
The wight closely misses you.
Your Dodging skill increases to level 4!
The wight hits you with a +0 flail.
* * * LOW HITPOINT WARNING * * *
The wight hits you with a +2 scimitar!
* * * LOW HITPOINT WARNING * * *
You feel drained.
* * * LOW HITPOINT WARNING * * *
Things that are here:
a +0 flail; a +0 robe
Okay, then.
Okay, then.
It was a potion of curing.
You feel better. The wight hits you with a +0 flail!
* * * LOW HITPOINT WARNING * * *
You feel drained.
You die...

.#..............)....+
...####....##......###
##)####....##......#
..).)......##..(...#
.##.).#######......#
.####.# #.......+ .#
#.# #.......##### .#
#.# #.....z...... .#
#.. #....hz...... <#
##. #.####....... ##
#. #. ....... . #.
###.... .. .. .... #..
.#


You could see 2 wights.

Vanquished Creatures
  Grinder (D:3)
  Sigmund (D:5)
  A centaur (D:5)
  A wight (D:5)
  4 orc priests
  3 iguanas
  Jessica (D:3)
  3 orc wizards
  Robin (D:3)
  A gnoll (D:1)
  4 adders
  4 worms (D:2)
  A dart slug (D:4)
  13 orcs
  2 endoplasms
  3 giant cockroaches
  12 goblins
  9 hobgoblins
  A jackal (D:3)
  5 kobolds
  6 quokkas
  4 ball pythons
  7 bats
  3 frilled lizards (D:1)
  5 rats
96 creatures vanquished.

Vanquished Creatures (others)
  A worm (D:3)
  A dart slug (D:3)
  3 orcs
  2 hobgoblins (D:3)
  2 jackals (D:3)
  2 ball pythons (D:3)
  A rat (D:3)
12 creatures vanquished.

Grand Total: 108 creatures vanquished

Notes
Turn   | Place    | Note
-------+----------+-------------------------------------------
     0 | D:1      | javelincjr the Troll Shapeshifter began the quest for the
                  | Orb.
     0 | D:1      | Reached XP level 1. HP: 18/18 MP: 0/0
     2 | D:1      | Found Mipasku's Distillery.
    73 | D:1      | Reached skill level 1 in Fighting
    79 | D:1      | Reached XP level 2. HP: 27/27 MP: 1/1
   256 | D:1      | Found Kuebir's Jewellery Emporium.
   297 | D:1      | Reached XP level 3. HP: 28/33 MP: 2/2
   313 | D:1      | Found Dozus's Assorted Antiques.
   328 | D:1      | Bought a scroll labelled AGITIA BURI for 28 gold pieces
   701 | D:2      | Reached XP level 4. HP: 41/41 MP: 3/3
  1097 | D:2      | Found a faded altar of an unknown god.
  1102 | D:2      | Prayed at the altar of an unknown god.
  1102 | D:2      | Became a worshipper of Jiyva Jaumogh the Shapeless
  1102 | D:2      | Reached * piety under Jiyva
  1289 | D:3      | Reached XP level 5. HP: 45/49 MP: 4/4
  1307 | D:3      | Noticed Grinder
  1319 | D:3      | Paralysed by Grinder for 4 turns
  1326 | D:3      | Killed Grinder
  1327 | D:3      | Reached XP level 6. HP: 41/59 MP: 5/5
  1336 | D:3      | Found a faded altar of an unknown god.
  1341 | D:3      | Found a shadowy altar of Dithmenos.
  1614 | D:3      | Noticed Jessica
  1618 | D:3      | Killed Jessica
  1629 | D:3      | Noticed Robin
  1695 | D:3      | Killed Robin
  1752 | D:3      | Reached ** piety under Jiyva
  2031 | D:4      | Reached XP level 7. HP: 67/67 MP: 6/6
  2205 | D:4      | Reached *** piety under Jiyva
  2332 | D:4      | Found a radiant altar of Vehumet.
  2537 | D:5      | Entered Level 5 of the Dungeon
  2550 | D:5      | Reached skill level 5 in Unarmed Combat
  2599 | D:5      | Noticed Sigmund
  2600 | D:5      | Gained mutation: Armour fits poorly on your pseudopods.
                  | [Jiyva's grace]
  2600 | D:5      | Gained mutation: Armour fits poorly on your large
                  | pseudopods. [Jiyva's grace]
  2600 | D:5      | Gained mutation: Armour fits poorly on your massive
                  | pseudopods. [Jiyva's grace]
  2600 | D:5      | Gained mutation: Your flesh is heat resistant. (rF+)
                  | [Jiyva's grace]
  2606 | D:5      | Killed Sigmund
  2607 | D:5      | Reached skill level 5 in Shapeshifting
  2621 | D:5      | HP: 2/65 [wight/+0 flail (13)]
  2621 | D:5      | Slain by a wight

Illustrated notes

Levels and vault maps discovered:
D:1:      dpeg_arrival_rooms_with_view, layout_rooms, serial_shops,
          nicolae_shop_peninsula, shop, shop, hangedman_decor_growths
D:2:      layout_loops_ring, ebering_ecumenical_altar_webs
D:3:      layout_loops_ring, nicolae_overflow_ecumenical_swirl, uniq_jessica,
          uniq_robin, uniq_grinder
D:4:      cheibrodos_old_hovel, layout_cave_pools,
          mainiacjoe_overflow_surrounded_room, chequers_serial_rivers_micro_d
D:5:      layout_basic, minmay_temple_entry_sparse_star, uniq_sigmund,
          uniq_crazy_yiuf_cottage

Skill      XL: |  1  2  3  4  5  6  7 |
---------------+----------------------+-----
Fighting       | 1 2 3 |  3.7
Dodging        | 2 3 4 |  4.0
Unarmed Combat | 4 5 |  5.4
Shapeshifting  | 4 5 |  5.1

Action                     |  1- 3 |  4- 6 |  7- 9 || total
---------------------------+-------+-------+-------++-------
  Melee: Unarmed           |    77 |   104 |    51 ||   232
         Punch             |     1 |       |       ||     1
         Pseudopods        |       |       |     2 ||     2
    Use: Potion            |       |       |     1 ||     1
 Armour: Animal skin       |    51 |    51 |    50 ||   152
         Skin              |       |     2 |       ||     2
  Dodge: Dodged            |    32 |    39 |    22 ||    93

Table legend: (Time is in decaauts)
 A = Elapsed time spent in this place.
 B = Non-inter-level travel time spent in this place.
 C = Inter-level travel time spent in this place.
 D = Time resting spent in this place.
 E = Time spent auto-exploring this place.
 F = Levels seen in this place.
 G = Mean time per level.
                   A        B        C        D        E       F      G
               +--------+--------+--------+--------+--------+-----+--------+
         Total |   2593 |   2483 |    110 |      0 |   1845 |   5 |  518.6 |
       Dungeon |   2593 |   2483 |    110 |      0 |   1845 |   5 |  518.6 |
               +--------+--------+--------+--------+--------+-----+--------+

Top non-repeatable levels by time:
     D:3: 772 daAuts
     D:2: 668 daAuts
     D:4: 550 daAuts
     D:1: 521 daAuts
     D:5: 81 daAuts
